 Dungeon Crawl Stone Soup version 0.27-a0-1196-g3e9cee4cb2 (webtiles) character file.

Game seed: 7559931911125414148

49 mordus the Caller (level 3, 15/15 HPs)
             Began as a Felid Summoner on May 28, 2021.
             Quit the game on level 3 of the Dungeon.
             The game lasted 00:13:17 (3540 turns).

mordus the Caller (Felid Summoner)                  Turns: 3540, Time: 00:13:18

Health: 15/15      AC:  1    Str:  4    XL:     3   Next: 53%
Magic:  8/8        EV: 17    Int: 17    God:
Gold:   129        SH:  0    Dex: 16    Spells: 2/8 levels left
                                        Lives:  0   Deaths: 1

rFire    . . .     SeeInvis +     - Unarmed
rCold    . . .     Faith    .   (shield unavailable)
rNeg     . . .     Spirit   .   (armour unavailable)
rPois    .         Reflect  .   (helmet unavailable)
rElec    .         Harm     .   (cloak unavailable)
rCorr    .         Rampage  .   (gloves unavailable)
Will     .....                  (boots unavailable)
Stlth    ++........             e - amulet of magic regeneration
HPRegen  0.05/turn              (no ring)
MPRegen  0.36/turn              (no ring)

@: quick
A: very small, claws 1, fangs 3, see invisible, speed 1, shaggy fur 1, stealthy
paws, no weapons or thrown items, no armour, multi-lived
a: no special abilities


You were on level 3 of the Dungeon.
You visited 1 branch of the dungeon, and saw 3 of its levels.

You collected 129 gold pieces.

Inventory:

Jewellery
 e - an amulet of magic regeneration (around neck)
Scrolls
 a - a scroll of enchant weapon
 f - a scroll of acquirement {unknown}
 g - a scroll of noise {unknown}
 h - a scroll of teleportation {unknown}
Potions
 b - 3 potions of curing
 c - a potion of mutation {unknown}
 d - a potion of heal wounds {unknown}


   Skills:
 - Level 1.0 Fighting
 - Level 2.6 Dodging
 + Level 3.1 Stealth
 - Level 1.0 Unarmed Combat
 * Level 3.1 Spellcasting
 * Level 4.8 Summonings


You had 2 spell levels left.
You knew the following spells:

 Your Spells              Type           Power      Damage    Failure   Level
a - Summon Small Mammal   Summ           76%        N/A       2%          1
b - Call Imp              Summ           19%        N/A       3%          2
c - Call Canine Familiar  Summ           19%        N/A       7%          3

Your spell library contained the following spells:

 Spells                   Type           Power      Damage    Failure   Level
 Sandblast                Erth           4%         2d4       17%         1
 Passwall                 Tmut/Erth      1%         N/A       26%         2
 Summon Guardian Golem    Hex/Summ       10%        N/A       19%         3
 Stone Arrow              Conj/Erth      4%         3d7       45%         3
 Summon Ice Beast         Ice/Summ       10%        N/A       54%         4
 Summon Lightning Spire   Summ/Air       10%        N/A       54%         4
 Petrify                  Tmut/Erth      2%         N/A       86%         4
 Lee's Rapid Deconstruct  Erth           1%         3d5*      99%         5


Dungeon Overview and Level Annotations

Branches:
Dungeon (3/15)

Altars:
Hepliaklqana
Xom

Annotations:
D:3 Crazy Yiuf


Innate Abilities, Weirdness & Mutations

You have sharp claws.
You have razor-sharp teeth.
You have supernaturally acute eyesight. (SInv)
You cover ground quickly. (Speed+)
You are covered in fur. (AC +1)
Your paws help you pounce on unaware monsters.
You are incapable of wielding weapons or throwing items.
You cannot wear armour.
You gain extra lives every three experience levels.


Message History

g - Guard the area. f - Follow me.
Anything else - Cancel.
Gang up on whom?
Press: ? - help, Dir - move target, f - endoplasm
Aim: an endoplasm (almost dead, ally target) Attack!
Your crimson imp disappears in a puff of smoke!
Your shadow imp gestures at the endoplasm.
The endoplasm writhes in agony!
The endoplasm dies!
Your shadow imp hits the hobgoblin.
The hobgoblin dies!
The rat barely misses your shadow imp.
Your shadow imp barely misses the rat.
The rat barely misses your shadow imp.
Your shadow imp hits the rat.
The rat dies!
You swap places.
You swap places.
Things that are here:
a staff of cold; a +0 ring mail; a hobgoblin corpse
Found 18 arrows.
Magic restored.
Your shadow imp disappears in a puff of smoke!
Your white imp disappears in a puff of smoke!
Your crimson imp disappears in a puff of smoke!
h - a scroll labelled ZEMAOZEMOWN
Found a glowing mace.
Found a runed translucent door.
You open the door.
There is an open translucent door here.
You scratch Crazy Yiuf.
Crazy Yiuf is lightly wounded.
Crazy Yiuf cries, "You leg down broken song, no?"
Crazy Yiuf hits you with a +4 quarterstaff of chaos!
Ouch! That really hurt!
* * * LOW HITPOINT WARNING * * *
Crazy Yiuf burns you.
You die...
You are now level 3!
You rejoin the land of the living...
Unknown command.
Are you sure you want to abandon this character and quit the game? (Confirm with "yes".)

##.## #...[........ ### #..#
##..###..###.( ..# ##<# ##..##
#.## ### g.# #.######..## ##.# #
†.# #.#.......####..### '## #####
#.#.##.####.......# .♣♣
#...###.#.#..####.......# ♣.♣
#...........#...........# ♣.♣♣
#...###....@..###.......# ♣♣.♣
#...##...###### #.......# ♣.♣♣
#...#....# ######### # ...♣
#...#....# # ...♣ #####[#.## #
...# ##...#..# #######
...####..#.##.# #......
.....|..##.##.#############.#....
...#######.##...............#.###


There were no monsters in sight!

Vanquished Creatures
  2 endoplasms
  2 giant cockroaches
  4 goblins
  2 hobgoblins
  A quokka (D:2)
  A ball python (D:1)
  A bat (D:2)
  2 frilled lizards
  3 rats
18 creatures vanquished.

Vanquished Creatures (collateral kills)
  A scorpion (D:3)
  Jessica (D:3)
  Robin (D:2)
  An adder (D:2)
  2 worms (D:2)
  6 endoplasms
  7 goblins
  6 hobgoblins
  6 jackals
  2 quokkas (D:1)
  2 frilled lizards
  7 kobolds
  A rat (D:3)
43 creatures vanquished.

Vanquished Creatures (others)
  2 fungi (D:2)
  8 plants (D:2)
10 creatures vanquished.

Grand Total: 71 creatures vanquished

Notes
Turn   | Place    | Note
-------+----------+-------------------------------------------
     0 | D:1      | mordus the Felid Summoner began the quest for the Orb.
     0 | D:1      | Reached XP level 1. HP: 7/7 MP: 4/4
   393 | D:1      | Reached XP level 2. HP: 12/12 MP: 1/6
  1219 | D:2      | Learned a level 2 spell: Call Imp
  1357 | D:2      | Noticed Robin
  1377 | D:2      | Killed Robin
  1378 | D:2      | Reached XP level 3. HP: 6/15 MP: 0/7
  2038 | D:2      | You fall into a shaft and drop 1 floor!
  2110 | D:2      | Learned a level 3 spell: Call Canine Familiar
  2132 | D:2      | Reached skill level 1 in Fighting
  2142 | D:2      | Found a faded altar of an unknown god.
  2169 | D:2      | Found a shimmering altar of Xom.
  2782 | D:2      | Reached skill level 1 in Unarmed Combat
  2853 | D:3      | Noticed Jessica
  2864 | D:3      | Killed Jessica
  2867 | D:3      | Reached XP level 4. HP: 19/19 MP: 4/9
  2906 | D:3      | Found a hazy altar of Hepliaklqana.
  3187 | D:3      | Noticed a scorpion
  3203 | D:3      | Killed a scorpion
  3532 | D:3      | Found a runed translucent door.
  3533 | D:3      | Noticed Crazy Yiuf
  3539 | D:3      | Slain by Crazy Yiuf
  3540 | D:3      | Reached XP level 3. HP: -3/15 MP: 8/8
  3540 | D:3      | Quit the game

Illustrated notes

Levels and vault maps discovered:
D:1:      beargit_arrival_diablo_church, layout_loops_ring,
          chequers_serial_rivers_micro_e, serial_bayou_pond_e
D:2:      kennysheep_big_flooded_room, layout_basic, basic_altar,
          shapermc_ecumenical_altar_mp_ritualfount, corexii_leaking_fountain,
          corexii_hall_statues_s, hangedman_decor_riveting, uniq_robin
D:3:      layout_rooms, nicolae_overflow_crystal_walls, uniq_jessica,
          uniq_crazy_yiuf_cottage

Skill      XL: |  1  2  3  4 |
---------------+-------------+-----
Fighting       | 1 |  1.0
Unarmed Combat | 1 |  1.0
Stealth        | 3 |  3.1
Spellcasting   | 3 |  3.1
Dodging        | |  2.6
Summonings     | |  4.8

Action                   |  1- 3 |  4- 6 || total
-------------------------+-------+-------++-------
Melee: Unarmed           |    54 |    11 ||    65
       Bite              |     1 |       ||     1
 Cast: Summon Small Mamm |    38 |       ||    38
       Call Imp          |    34 |    11 ||    45
       Call Canine Famil |     1 |     1 ||     2
  Use: Scroll            |     2 |       ||     2
 Stab: Sleeping          |     5 |       ||     5
       Distracted        |     1 |       ||     1
Armor: Skin              |     5 |       ||     5
Dodge: Dodged            |    63 |    12 ||    75

Table legend: (Time is in decaauts)
 A = Elapsed time spent in this place.
 B = Non-inter-level travel time spent in this place.
 C = Inter-level travel time spent in this place.
 D = Time resting spent in this place.
 E = Time spent auto-exploring this place.
 F = Levels seen in this place.
 G = Mean time per level.
                   A        B        C        D        E       F      G
               +--------+--------+--------+--------+--------+-----+--------+
         Total |   3142 |   3087 |     55 |    559 |   1909 |   3 | 1047.3 |
       Dungeon |   3142 |   3087 |     55 |    559 |   1909 |   3 | 1047.3 |
               +--------+--------+--------+--------+--------+-----+--------+

Top non-repeatable levels by time:
     D:2: 1508 daAuts
     D:1: 1016 daAuts
     D:3: 617 daAuts
